 Dungeon Crawl Stone Soup version 0.29-a0-824-gd827844252 (webtiles) character file.

Game seed: 1422233053344402890

16384 buhh the Transmogrifier (level 12, -1/100 HPs)
             Began as an Octopode Transmuter on July 9, 2022.
             Was a Follower of Cheibriados.
             Slain by a yak (11 damage)
             ... on level 3 of the Lair of Beasts.
             The game lasted 00:16:48 (21599 turns).

buhh the Transmogrifier (Octopode Transmuter)      Turns: 21599, Time: 00:16:49

Health: -1/100     AC:  9    Str: 12    XL:     12   Next: 36%
Magic:  11/15      EV: 14    Int: 22    God:    Cheibriados [*.....]
Gold:   729        SH:  5    Dex: 17    Spells: 5/15 levels left

rFire   x . .      SeeInvis .     - Unarmed
rCold   + + +      Faith    .   (shield currently unavailable)
rNeg    . . .      Spirit   .   (helmet currently unavailable)
rPois   +          Reflect  +   g - amulet of reflection
rElec   .          Harm     .   t - ring of protection from cold
rCorr   .          Rampage  .   I - ring of protection from cold
Will    +....                   K - ring of willpower
Stlth   ++........              (no ring)
HPRegen 0.26/turn               (no ring)
MPRegen 0.14/turn               (no ring)
                                (no ring)
                                (no ring)

@: ice-form, wereblooded, very slow
A: freezing attack, boosted hp, almost no armour, amphibious, 8 rings, large,
(camouflage 1), (gelatinous body 1), (nimble swimmer 1), (tentacles)
a: End Transformation, Renounce Religion, Bend Time


You were on level 3 of the Lair of Beasts.
You worshipped Cheibriados.
Cheibriados was aware of your devotion.
You were a creature of crystalline ice.
You visited 3 branches of the dungeon, and saw 16 of its levels.
You also visited: Sewer.

You collected 729 gold pieces.

Inventory:

Missiles
 v - 42 poisoned darts
 G - 3 curare-tipped darts
Armour
 F - a +1 hat (melded)
Magical Staves
 d - a staff of poison
 h - a staff of conjuration
Jewellery
 e - an amulet of faith
 g - an amulet of reflection (around neck)
 t - a ring of protection from cold (left front paw)
 D - a ring of ice
 H - an amulet of the acrobat
 I - a ring of protection from cold (right front paw)
 K - a ring of willpower (on tentacle)
 M - an amulet of guardian spirit
Wands
 i - a wand of mindburst (11)
 u - a wand of digging (11)
 z - a wand of charming (4)
 B - a wand of polymorph (6)
 C - a wand of flame (28)
 E - a wand of roots (5)
Scrolls
 b - 2 scrolls of fear {unknown}
 f - 5 scrolls of vulnerability
 k - 3 scrolls of magic mapping {unknown}
 l - 2 scrolls of enchant weapon {unknown}
 o - a scroll of enchant armour
 p - a scroll of blinking {unknown}
 r - 5 scrolls of teleportation {!d}
 s - 4 scrolls of noise {unknown}
 w - a scroll of acquirement {unknown}
 y - a scroll of silence {unknown}
 A - 2 scrolls of fog {unknown}
 J - 5 scrolls of identify {!d}
Potions
 a - a potion of lignification {!d}
 c - a potion of magic {unknown}
 j - a potion of haste {!q!d}
 m - 2 potions of resistance {!q!d}
 n - 2 potions of cancellation {!q!d}
 q - 2 potions of mutation {!d}
 L - a potion of flight {unknown}


   Skills:
 + Level 8.7 Fighting
 + Level 8.7 Dodging
 - Level 2.0 Stealth
 + Level 8.7 Unarmed Combat
 - Level 2.0 Spellcasting
 * Level 12.7 Transmutations
 - Level 5.0 Ice Magic
 - Level 1.0 Poison Magic


You had 5 spell levels left.
You knew the following spells:

 Your Spells              Type           Power      Damage    Failure   Level
a - Beastly Appendage     Tmut           100%       N/A       1%          1
b - Wereblood             Tmut           55%        N/A       1%          2
c - Spider Form           Tmut/Pois      32%        N/A       2%          3
d - Ice Form              Ice/Tmut       41%        N/A       3%          4

Your spell library contained the following spells:

 Spells                   Type           Power      Damage    Failure   Level
 Passwall                 Tmut/Erth      25%        N/A       1%          2
 Ensorcelled Hibernation  Hex/Ice        26%        N/A       8%          2
 Petrify                  Tmut/Erth      30%        N/A       10%         4
 Foxfire                  Conj/Fire      8%         2x1d4     14%         1
 Magic Dart               Conj           8%         1d3       14%         1
 Call Imp                 Summ           2%         N/A       21%         2
 Static Discharge         Conj/Air       2%         3-4/arc   21%         2
 Sublimation of Blood     Necr           2%         N/A       21%         2
 Irradiate                Conj/Tmut      15%        3d18      28%         5
 Mephitic Cloud           Conj/Pois/Air  3%         N/A       36%         3
 Conjure Flame            Conj/Fire      2%         6-21      38%         3
 Inner Flame              Hex/Fire       2%         N/A       38%         3
 Stone Arrow              Conj/Erth      4%         3d7       38%         3
 Swiftness                Air            2%         N/A       38%         3
 Cause Fear               Hex            1%         N/A       80%         4
 Flame Wave               Conj/Fire      2%         2d4       80%         4
 Fulminant Prism          Conj/Hex       1%         3d6       80%         4
 Iskenderun's Mystic Bla  Conj/Tloc      2%         2d3       80%         4
 Freezing Cloud           Conj/Ice/Air   4%         6-21      89%         5
 Iskenderun's Battlesphe  Conj           2%         2d6       98%         5
 Lee's Rapid Deconstruct  Erth           1%         3d5*      98%         5
 Lightning Bolt           Conj/Air       1%         1d12      98%         5
 Iron Shot                Conj/Erth      1%         9d1       100%        6
 Simulacrum               Ice/Necr       6%         N/A       100%        6
 Malign Gateway           Summ/Tloc      1%         N/A       100%        7
 Spellforged Servitor     Conj/Summ      1%         N/A       100%        7
 Discord                  Hex            1%         N/A       100%        8
 Lehudib's Crystal Spear  Conj/Erth      1%         10d2      100%        8
 Maxwell's Capacitive Co  Air            1%         ∞         100%        8
 Summon Horrible Things   Summ           1%         N/A       100%        8
 Polar Vortex             Ice            12%        N/A       100%        9
 Animate Armour           Summ/Erth      Unusable   N/A       N/A         4

Dungeon Overview and Level Annotations

Branches:
Dungeon (12/15) Zot: 39867  Temple (1/1) D:6 Zot: 8934    Lair (3/6) D:8 Zot: 22976
  Snake (0/4) Lair:2        Sewer (visited)
  Swamp: Lair:2-4    Shoals: Lair:2-4       Orc: D:9-12

Altars:
Ashenzari
Cheibriados
Dithmenos
Elyvilon
Fedhas
Gozag
Hepliaklqana
Kikubaaqudgha
Makhleb
Nemelex Xobeh
Okawaru
Qazlal
Ru
Sif Muna
Trog
Uskayaw
Vehumet
Wu Jian
Xom
Yredelemnul
Zin
The Shining One

Shops:
D:4 :

Portals:
Volcano: Lair:3

Annotations:
D:4 1 runed translucent door, Crazy Yiuf
D:8 3 runed translucent doors, zhov's ghost, novice TeHu


Innate Abilities, Weirdness & Mutations

You are a creature of crystalline ice.
You have a powerful freezing melee attack.
Your maximum health is increased.
Your armour is entirely melded.
You are incapable of wielding weapons or throwing items.
You cannot wear most types of armour.
You are amphibious.
You can wear up to eight rings at the same time.
((Your skin changes colour to match your surroundings (Stealth+).))
((Your rubbery body absorbs attacks. (AC +1, EV +1)))
((You are camouflaged when in or above water. (Stealth+)))
((You have tentacles for arms and can constrict up to eight enemies at once.))


Message History

The polar bear claws you but does no damage.
You block the polar bear's attack. You block the yak's attack.
You barely miss the polar bear.
The polar bear is heavily wounded.
The yak misses you.
The polar bear bites you but does no damage.
You block the polar bear's attack. The polar bear misses you.
You barely miss the polar bear.
The polar bear is heavily wounded.
You block the polar bear's attack. The polar bear barely misses you.
The polar bear claws you but does no damage.
The yak gores you!
* * * LOW HITPOINT WARNING * * *
You hit the polar bear.
The polar bear is heavily wounded.
You punch the polar bear!
The polar bear is severely wounded.
You block the yak's attack.
The polar bear bites you but does no damage.
You block the polar bear's attack. The polar bear closely misses you.
You hit the polar bear but do no damage.
The polar bear is heavily wounded.
The yak gores you!
* * * LOW HITPOINT WARNING * * *
The polar bear misses you. You block the polar bear's attack.
The polar bear claws you but does no damage.
You hit the polar bear. You freeze the polar bear.
The polar bear is severely wounded.
You howl as the wereblood boils in your veins!
You block the yak's attack. The polar bear bites you.
* * * LOW HITPOINT WARNING * * *
The polar bear claws you.
* * * LOW HITPOINT WARNING * * *
The polar bear claws you.
* * * LOW HITPOINT WARNING * * *
Really quaff
x - a potion of curing {!q!d}?
You feel better.
You howl as the wereblood boils in your veins!
The yak gores you!
You die...

## #.#...>### ##.###..P#
### ##...#...###
##...####
###.###..##.....P# #####
#........##..##.##
.......###.^###..##
..##.P###.#..###..#####
#...####.^.#.# ##.....###
P....P#...#######........
###.....P## #.hY........
#P...### #.<.Y........
###.## #...............
#.# ...>............ ###
.$....#####....# .###..
##... ##. #.. #.


You could see a polar bear and a yak.

Vanquished Creatures
  A hydra (D:11)
  2 two-headed ogres
  Pikel (D:8)
  A black mamba (Lair:1)
  9 cane toads
  A kobold demonologist (D:10)
  A komodo dragon (Lair:2)
  2 unseen horrors
  A polar bear (Lair:1)
  A hornet (D:9)
  2 trolls
  A blink frog (Lair:2)
  Sigmund (D:5)
  A vampire (D:9)
  22 yaks
  2 wraiths
  A steam dragon (D:9)
  Menkaure (D:4)
  2 nagas (Lair:2)
  A water moccasin (Lair:1)
  A sky beast (D:8)
  4 black bears (D:7)
  4 orc warriors
  2 ogres
  5 wolves (Lair:1)
  2 centaurs
  Blork the orc (D:5)
  7 kobold brigands (D:10)
  6 bullfrogs
  A scorpion (D:6)
  7 wights
  13 killer bees
  4 howler monkeys
  A gnoll bouda (D:9)
  2 hounds
  6 jellies
  7 orc priests
  An iguana (D:4)
  10 orc wizards
  Robin (D:4)
  11 gnolls
  14 adders
  4 river rats (Sewer)
  2 shadow imps (D:10)
  4 white imps
  An ufetubus (D:5)
  2 worms
  2 dart slugs
  32 orcs
  8 ball pythons
  10 endoplasms
  2 giant cockroaches
  9 goblins
  12 hobgoblins
  4 jackals
  42 kobolds
  3 quokkas
  7 bats
  6 frilled lizards
  9 kobold skeletons (D:10)
  9 kobold zombies (D:10)
  11 rats
343 creatures vanquished.

Vanquished Creatures (collateral kills)
  A naga (Lair:2)
1 creature vanquished.

Vanquished Creatures (others)
  A bush (D:7)
  13 fungi
  30 plants
  7 toadstools (D:2)
51 creatures vanquished.

Grand Total: 395 creatures vanquished

Notes
Turn   | Place    | Note
-------+----------+-------------------------------------------
     0 | D:1      | buhh the Octopode Transmuter began the quest for the Orb.
     0 | D:1      | Reached XP level 1. HP: 13/13 MP: 3/3
   190 | D:1      | Reached XP level 2. HP: 11/18 MP: 5/5
  1035 | D:1      | Found a faded altar of an unknown god.
  1179 | D:2      | Reached XP level 3. HP: 23/23 MP: 4/6
  1702 | D:2      | Reached XP level 4. HP: 15/29 MP: 5/7
  2662 | D:3      | Found a glowing drain.
  2677 | Sewer    | Entered a sewer
  2940 | Sewer    | Reached XP level 5. HP: 28/35 MP: 6/8
  3889 | D:3      | Found a shimmering blue altar of Sif Muna.
  4124 | D:3      | Found a sparkling altar of Nemelex Xobeh.
  4345 | D:3      | Reached XP level 6. HP: 42/42 MP: 9/9
  4844 | D:4      | Learned a level 2 spell: Wereblood
  4848 | D:4      | Learned a level 3 spell: Spider Form
  5099 | D:4      | Found an ornate altar of the Wu Jian Council.
  5269 | D:4      | Found a runed translucent door.
  5270 | D:4      | Noticed Crazy Yiuf
  5302 | D:4      | Noticed Menkaure
  5303 | D:4      | Noticed Robin
  5340 | D:4      | Killed Menkaure
  5344 | D:4      | Killed Robin
  5476 | D:4      | Reached XP level 7. HP: 47/47 MP: 8/10
  5644 | D:4      | Found Zyjuug's Book Shoppe.
  5686 | D:5      | Entered Level 5 of the Dungeon
  5698 | D:5      | Noticed Sigmund
  5702 | D:5      | Killed Sigmund
  5703 | D:5      | Reached skill level 5 in Unarmed Combat
  5703 | D:5      | Reached skill level 3 in Transmutations
  6113 | D:5      | Noticed Blork the orc
  6126 | D:5      | Killed Blork the orc
  6362 | D:5      | Reached XP level 8. HP: 19/54 MP: 11/11
  6656 | D:5      | Reached skill level 5 in Dodging
  6838 | D:6      | Reached skill level 4 in Transmutations
  6983 | D:6      | Found a staircase to the Ecumenical Temple.
  6993 | Temple   | Entered the Ecumenical Temple
  7083 | D:6      | Reached skill level 5 in Fighting
  7323 | D:6      | Found a stormy altar of Qazlal.
  7895 | D:6      | Identified the +0 ring mail of Negligence {rPois MP+9
                  | Dex+4}
  8239 | D:7      | Learned a level 4 spell: Ice Form
  8267 | D:7      | Reached skill level 5 in Transmutations
  8317 | D:7      | Reached XP level 9. HP: 55/62 MP: 7/12
  8712 | D:7      | Found an opulent altar of Gozag.
  8984 | D:7      | Reached skill level 5 in Ice Magic
  9214 | D:7      | Reached skill level 6 in Transmutations
  9233 | D:7      | HP: 3/62 [orc/+4 falchion of freezing (9)]
  9233 | D:7      | HP: 1/62 [orc/+4 falchion of freezing (2)]
  9915 | D:8      | Found a hide-covered altar of Uskayaw.
  9981 | D:8      | Reached skill level 7 in Transmutations
 10353 | D:8      | Found a staircase to the Lair.
 10513 | D:8      | Found a runed translucent gate.
 10513 | D:8      | Found a runed translucent gate.
 10513 | D:8      | Found a runed translucent gate.
 10516 | D:8      | Noticed zhov's ghost (novice TeHu)
 10517 | D:8      | Noticed a kobold demonologist
 10534 | D:8      | Noticed Pikel
 10544 | D:8      | Killed Pikel
 10545 | D:8      | Reached skill level 9 in Transmutations
 10545 | D:8      | Reached XP level 10. HP: 68/68 MP: 9/13
 11187 | D:9      | Found a burning altar of Makhleb.
 12540 | D:10     | Entered Level 10 of the Dungeon
 12574 | D:10     | Reached skill level 10 in Transmutations
 12576 | D:10     | Noticed a two-headed ogre
 13810 | D:10     | Killed an unseen horror
 14327 | D:10     | Reached XP level 11. HP: 75/75 MP: 9/14
 14416 | D:10     | Killed a two-headed ogre
 14824 | D:10     | Reached skill level 11 in Transmutations
 15327 | D:10     | Found an ancient bone altar of Kikubaaqudgha.
 16025 | D:10     | Found a snail-covered altar of Cheibriados.
 16326 | D:10     | Became a worshipper of Cheibriados the Contemplative
 16667 | D:11     | Noticed a four-headed hydra
 16679 | D:11     | Killed a four-headed hydra
 17019 | D:11     | Noticed a two-headed ogre
 17023 | D:11     | Noticed a boulder beetle
 17028 | D:11     | Killed a two-headed ogre
 17034 | D:11     | HP: 1/92 [something (7)]
 17035 | D:11     | Noticed a boulder beetle
 18058 | Lair:1   | Entered Level 1 of the Lair of Beasts
 18252 | Lair:1   | Reached skill level 8 in Fighting
 18395 | Lair:1   | Reached skill level 8 in Unarmed Combat
 18401 | Lair:1   | Reached skill level 8 in Dodging
 18473 | Lair:1   | Reached * piety under Cheibriados
 18708 | Lair:1   | Reached skill level 12 in Transmutations
 18879 | Lair:1   | Reached XP level 12. HP: 83/83 MP: 10/15
 20152 | Lair:2   | Found a staircase to the Snake Pit.
 20165 | Lair:2   | HP: 3/100 [naga/+0 dire flail (12)]
 20859 | Lair:2   | HP: 4/100 [blink frog (16)]
 21231 | Lair:3   | Found a dark tunnel.
 21598 | Lair:3   | HP: 5/100 [polar bear (4)]
 21599 | Lair:3   | Slain by a yak

Illustrated notes

Levels and vault maps discovered:
D:1:      dpeg_arrival_rooms_a, layout_rooms,
          shapermc_ecumenical_altar_mp_urbaneastern
D:2:      cheibrodos_fertilizer, layout_basic
D:3:      layout_loops_corners, mainiacjoe_overflow_catch_the_wave,
          portal_sewer_entry_d, minmay_misc_feat_tower, minmay_pentomino_pile
D:4:      nicolae_cairo_tiling_large, layout_rooms, nzn_wu_jian_council_hall,
          serial_shops, nicolae_take_the_stairs,
          nicolae_concentric_dashed_squares_mild, uniq_menkaure,
          uniq_crazy_yiuf_cottage, uniq_robin
D:5:      layout_rooms, serial_park_tiny_1, uniq_sigmund, uniq_blork_the_orc
D:6:      layout_basic, grunt_qazlal_sundering,
          minmay_temple_entry_statues_pillars
D:7:      black_bear_nest_2, layout_basic,
          nicolae_gozag_cash_rules_everything_around_me,
          kb_lookout_dungeons_type, corexii_hall_statues_i, chequers_garden
D:8:      layout_rooms, mainiacjoe_overflow_catwalk, lair_entry_dummy,
          gammafunk_ghost_nasty_kobolds, uniq_pikel
D:9:      layout_long_grid, lightli_temple_of_fire
D:10:     wander_kiku_kobolds, layout_basic, kennysheep_slug_shrine
D:11:     minmay_the_grid_triangle_9x9_rhombus_thin
          [minmay_the_grid_triangle_9x9_negative_grid,
          minmay_the_grid_triangle_9x9_prize_special,
          minmay_the_grid_triangle_9x9_pentomino_pain,
          minmay_the_grid_triangle_9x9_sprig], layout_long_grid, orc_david_3
D:12:     layout_irregular_city, drop_trap, kennysheep_boxes, uniq_fannar
Temple:   nicolae_temple_ecumenical_triangle
Lair:1:   layout_long_grid, grunt_megastairs_2
Lair:2:   layout_loops_ring, minmay_shoals_entry_hut,
          guppyfry_snake_entry_garden, infiniplex_staircase_pool
Lair:3:   minmay_guarded_unrand_snakebite, layout_layer_cave,
          nicolae_volcano_entry_hallway, chequers_serial_rivers_large_a

Skill      XL: |  1  2  3  4  5  6  7  8  9 10 11 |
---------------+----------------------------------+-----
Stealth        | 1 2 |  2.0
Poison Magic   | 1 |  1.0
Fighting       | 2 3 4 6 7 8 |  8.7
Dodging        | 3 4 6 8 |  8.7
Unarmed Combat | 4 5 6 8 |  8.7
Transmutations | 3 5 9 10 12 | 12.7
Ice Magic      | 1 5 |  5.0
Spellcasting   | |  2.0

Action                   |  1- 3 |  4- 6 |  7- 9 | 10-12 || total
-------------------------+-------+-------+-------+-------++-------
Melee: Unarmed           |    76 |   152 |   278 |   536 ||  1042
       Constrict         |    27 |    34 |    14 |     1 ||    76
       Kick              |    17 |    44 |    19 |       ||    80
       Tentacles         |     9 |    18 |    16 |     1 ||    44
       Punch             |     4 |     3 |     2 |     1 ||    10
 Cast: Beastly Appendage |    19 |    40 |    21 |       ||    80
       Spider Form       |       |     1 |    17 |       ||    18
       Wereblood         |       |     1 |     7 |     4 ||    12
       Ice Form          |       |       |     7 |    73 ||    80
Evoke: Wand              |       |       |     9 |    14 ||    23
  Use: Scroll            |     2 |     2 |     9 |     3 ||    16
       Potion            |       |       |     8 |    13 ||    21
 Stab: Sleeping          |     3 |    17 |     3 |     1 ||    24
       Invisible         |       |       |     2 |       ||     2
Armor: Skin              |    13 |     6 |    85 |   182 ||   286
Dodge: Dodged            |    47 |    80 |   213 |   309 ||   649
Block: Other             |       |     9 |    80 |   126 ||   215
       Reflection        |       |       |     3 |     2 ||     5

Table legend: (Time is in decaauts)
 A = Elapsed time spent in this place.
 B = Non-inter-level travel time spent in this place.
 C = Inter-level travel time spent in this place.
 D = Time resting spent in this place.
 E = Time spent auto-exploring this place.
 F = Levels seen in this place.
 G = Mean time per level.
                   A        B        C        D        E       F      G
               +--------+--------+--------+--------+--------+-----+--------+
         Total |  22153 |  21125 |   1028 |    870 |  17772 |  17 | 1303.1 |
       Dungeon |  16953 |  16012 |    941 |    859 |  13174 |  12 | 1412.8 |
        Temple |     43 |     36 |      7 |      0 |     30 |   1 |   43.0 |
          Lair |   4012 |   3932 |     80 |     11 |   3555 |   3 | 1337.3 |
         Sewer |   1144 |   1144 |      0 |      0 |   1013 |   1 | 1144.0 |
               +--------+--------+--------+--------+--------+-----+--------+

Top non-repeatable levels by time:
    D:10: 3467 daAuts
  Lair:1: 2469 daAuts
     D:9: 2216 daAuts
     D:7: 1685 daAuts
     D:2: 1507 daAuts
     D:3: 1336 daAuts
     D:6: 1275 daAuts
   Sewer: 1144 daAuts
     D:8: 1132 daAuts
     D:4: 1119 daAuts
     D:1: 1078 daAuts
  Lair:2: 1040 daAuts
    D:11: 1008 daAuts
     D:5: 1006 daAuts
  Lair:3: 502 daAuts
